 Dungeon Crawl Stone Soup version 0.32-a0-995-gb4a59205af (webtiles) character file.

Game seed: 9799490473154733568

826 Hubris850 the Cutter (level 7, -1/51 HPs)
             Began as a Coglin Artificer on Apr 22, 2024.
             Slain by a gnoll sergeant
             ... wielding a +0 trident
              (8 damage)
             ... on level 5 of the Dungeon.
             The game lasted 00:12:00 (3776 turns).

Hubris850 the Cutter (Coglin Artificer)             Turns: 3776, Time: 00:12:00

Health: -1/51      AC:  7    Str: 13    XL:     7   Next: 96%
Magic:  7/7        EV: 11    Int: 10    God:
Gold:   327        SH:  0    Dex: 22    Spells: 6/6 levels left

rFire   . . .        s - +7 rapier "Hyimawag" {pain, +Blink rC- rCorr Dex+8}
rCold   x . .        f - +0 dagger {Fatehjeet}
rNeg    . . .        p - +1 leather armour "Nysk" {rElec Will- Regen+ Str-2}
rPois   .            (no helmet)
rElec   +            (no cloak)
rCorr   +            t - +2 pair of gloves
SInv    .            (no boots)
Will    .....        (amulet unavailable)
Stlth   ++           (ring unavailable)
HPRegen 1.08/turn    (ring unavailable)
MPRegen 0.10/turn    (no gizmo)

%: no passive effects
@: revved
A: off-hand wielding, slow wielding, warmup strikes, no jewellery
a: Invent Gizmo, Evoke Blink


You were on level 5 of the Dungeon.
You visited 1 branch of the dungeon, and saw 5 of its levels.

You collected 327 gold pieces.

Inventory:

Hand Weapons
 a - a +0 club {Hayata}
 f - a +0 dagger (offhand) {Fatehjeet}
 m - a +0 whip {Chujiro}
 r - a +0 falchion {Juan}
 s - the +7 rapier "Hyimawag" (weapon) {pain, +Blink rC- rCorr Dex+8}
   (You found it on level 4 of the Dungeon)

   Dex+8:     It affects your dexterity (+8).
   rC-:       It makes you vulnerable to cold.
   +Blink:    It lets you blink.
   rCorr:     It protects you from acid and corrosion.
Missiles
 g - 3 javelins
 h - 25 poisoned darts
 l - 4 boomerangs
 y - a throwing net
Armour
 b - a +1 leather armour
 p - the +1 leather armour "Nysk" (worn) {rElec Will- Regen+ Str-2}
   (You found it on level 2 of the Dungeon)

   Str-2:     It affects your strength (-2).
   rElec:     It insulates you from electricity.
   Will-:     It decreases your willpower.
   Regen+:    It increases your rate of health regeneration.
 t - a +2 pair of gloves (worn)
Wands
 c - a wand of flame (6) (quivered)
 d - a wand of charming (14)
 e - a wand of iceblast (5)
 n - a wand of polymorph (4)
Scrolls
 i - 2 scrolls of amnesia
 j - 2 scrolls of poison
 k - 2 scrolls of blinking
 o - a scroll of teleportation
 v - a scroll of torment {unknown}
 A - 4 scrolls of identify
Potions
 q - a potion of curing
 u - a potion of magic
 w - a potion of enlightenment
 x - 2 potions of might
 z - a potion of haste {unknown}


   Skills:
 - Level 2.5 Fighting
 + Level 6.3 Short Blades
 - Level 2.7 Armour
 - Level 2.2 Dodging
 - Level 2.1 Stealth
 - Level 4.0 Evocations


You had 6 spell levels left.
You didn't know any spells.
Your spell library contained the following spells:

 Spells                   Type           Power      Damage    Failure   Level
 Foxfire                  Conj/Fire      0%         2x1d4     43%         1
 Magic Dart               Conj           0%         1d3       43%         1
 Blink                    Tloc           0%         N/A       58%         2
 Call Imp                 Summ           0%         N/A       58%         2
 Plasma Beam              Fire/Air       0%         2x1d10    100%        6
 Starburst                Conj/Fire      0%         6d3       100%        6


Dungeon Overview and Level Annotations

Branches:
Dungeon (5/15)
 Temple: D:4-7

Altars:
Ashenzari
Cheibriados

Shops:
D:4 *


Innate Abilities, Weirdness & Mutations

You can wield a second weapon in your off-hand.
It takes a long time for you to wield or remove held weapons.
Your first few attacks do less damage.
You cannot equip rings or amulets.


Message History

The gnoll sergeant misses you. The gnoll hits you but does no damage.
The gnoll closely misses you.
There is an open door, spattered with blood here.
Items here: )) ††.
You barely miss the gnoll sergeant with the +7 rapier "Hyimawag".
You hit the gnoll sergeant but do no damage.
The gnoll sergeant closely misses you. The gnoll closely misses you.
The gnoll hits you but does no damage.
You hit the gnoll sergeant but do no damage.
You hit the gnoll sergeant with the +7 rapier "Hyimawag".
The gnoll sergeant hits you with a +0 trident.
The gnoll hits you but does no damage. The gnoll hits you with a +0 flail.
You hit the gnoll sergeant but do no damage.
The gnoll sergeant is moderately wounded.
You hit the gnoll sergeant with the +7 rapier "Hyimawag".
The gnoll sergeant hits you with a +0 trident!
The gnoll hits you with a +0 club. The gnoll closely misses you.
You closely miss the gnoll sergeant with the +7 rapier "Hyimawag".
The gnoll sergeant is heavily wounded.
You hit the gnoll sergeant but do no damage.
You closely miss the gnoll sergeant with your +0 dagger.
The gnoll sergeant is heavily wounded.
You hit the gnoll sergeant with the +7 rapier "Hyimawag".
The gnoll sergeant hits you with a +0 trident.
The gnoll hits you with a +0 club! The gnoll barely misses you.
You are too injured to fight recklessly!
You are too injured to fight recklessly!
You are too injured to fight recklessly!
You are too injured to fight recklessly!
You are too injured to fight recklessly!
You hit the gnoll sergeant with the +7 rapier "Hyimawag".
The gnoll sergeant is almost dead.
You barely miss the gnoll sergeant with your +0 dagger.
The gnoll sergeant hits you with a +0 trident!
* * * LOW HITPOINT WARNING * * *
The gnoll hits you with a +0 club.
* * * LOW HITPOINT WARNING * * *
The gnoll barely misses you.
The gnoll sergeant hits you from afar with a +0 trident!
You die...

......###.###.#### #.# #.#
.###..........# #.# #.# .#
#.####.###.#########.# #.# .#
#.# #.##............######.#
.###.####≈≈≈≈≈≈≈≈≈.............#
.........≈##≈≈≈##≈..############
##.....##≈#######≈.##
...#.####≈≈#..g#≈≈.# .###[#
#≈≈#}.g)@..# .# #.# #..g#≈≈##
####.# ######≈# .....# #≈#
###### ≈≈# ###


You could see a gnoll sergeant and 2 gnolls.

Vanquished Creatures
  An ice beast (D:5)
  A black bear (D:5)
  An ogre (D:4)
  A phantom (D:5)
  Blork the orc (D:5)
  2 scorpions (D:5)
  A bombardier beetle (D:5)
  A hound (D:5)
  Jessica (D:3)
  2 gnolls (D:5)
  3 adders
  2 white imps
  4 dart slugs
  9 ball pythons
  3 bats
  9 endoplasms
  3 giant cockroaches (D:1)
  8 goblins
  6 hobgoblins
  2 jackals (D:1)
  4 kobolds
  4 quokkas
  3 frilled lizards
  4 rats
76 creatures vanquished.

Vanquished Creatures (collateral kills)
  An ogre (D:3)
1 creature vanquished.

Grand Total: 77 creatures vanquished

Notes
Turn   | Place    | Note
-------+----------+-------------------------------------------
     0 | D:1      | Hubris850 the Coglin Artificer began the quest for the Orb.
     0 | D:1      | Reached XP level 1. HP: 15/15 MP: 1/1
    32 | D:1      | Reached skill level 1 in Dodging
    37 | D:1      | Reached skill level 1 in Stealth
    38 | D:1      | Reached XP level 2. HP: 20/21 MP: 2/2
   204 | D:1      | Reached XP level 3. HP: 19/26 MP: 3/3
   840 | D:2      | Identified the +1 leather armour "Nysk" {rElec Will- Regen+
                  | Str-2}
  1040 | D:2      | You fall into a shaft and drop 2 floors!
  1146 | D:4      | Reached XP level 4. HP: 29/33 MP: 4/4
  1250 | D:4      | Noticed an ogre
  1259 | D:4      | Killed an ogre
  1260 | D:4      | Reached XP level 5. HP: 26/39 MP: 5/5
  1282 | D:4      | Identified the +7 rapier "Hyimawag" {pain, +Blink rC- rCorr
                  | Dex+8}
  1320 | D:4      | Found Feperaer's Elemental Accessories.
  1793 | D:3      | Noticed an ogre
  1801 | D:3      | Killed an ogre
  1802 | D:3      | Reached skill level 2 in Short Blades
  1802 | D:3      | Reached XP level 6. HP: 33/46 MP: 6/6
  1933 | D:3      | Noticed Jessica
  1940 | D:3      | Killed Jessica
  1941 | D:3      | Reached skill level 3 in Short Blades
  2196 | D:3      | Found a broken altar of Ashenzari.
  2534 | D:4      | Found a snail-covered altar of Cheibriados.
  3099 | D:5      | Entered Level 5 of the Dungeon
  3137 | D:5      | Reached skill level 4 in Short Blades
  3150 | D:5      | Noticed Blork the orc
  3158 | D:5      | Killed Blork the orc
  3159 | D:5      | Reached XP level 7. HP: 35/51 MP: 7/7
  3354 | D:5      | Reached skill level 5 in Short Blades
  3705 | D:5      | Reached skill level 6 in Short Blades
  3776 | D:5      | Slain by a gnoll sergeant

Illustrated notes

Levels and vault maps discovered:
D:1:      lemuel_arrival_room, layout_rooms, serial_park_tiny_pond
D:2:      layout_rooms, grunt_decor_fettered
D:3:      layout_basic, mainiacjoe_overflow_tiny_flanked, uniq_jessica
D:4:      layout_layer_cave, mainiacjoe_overflow_chevrons,
          nicolae_elemental_shop
D:5:      layout_loops_ring, grunt_ministairs_2, chequers_garden,
          lightli_minifort, uniq_crazy_yiuf_cottage, uniq_blork_the_orc

Skill      XL: |  1  2  3  4  5  6  7 |
---------------+----------------------+-----
Dodging        | 1 2 |  2.2
Stealth        | 1 2 |  2.1
Armour         | 2 |  2.7
Fighting       | 2 |  2.5
Short Blades   | 2 4 6 |  6.3
Evocations     | |  4.0

Action                     |  1- 3 |  4- 6 |  7- 9 || total
---------------------------+-------+-------+-------++-------
  Melee: Club              |    93 |       |       ||    93
         Dagger            |   102 |    40 |    37 ||   179
         Whip              |     9 |       |       ||     9
         Falchion          |     3 |     9 |       ||    12
         Rapier            |       |    38 |    41 ||    79
  Evoke: Wand              |       |    10 |       ||    10
    Use: Scroll            |       |     8 |     2 ||    10
   Stab: Sleeping          |     4 |     5 |       ||     9
 Armour: Leather armour    |    74 |    19 |    40 ||   133
  Dodge: Dodged            |    61 |    15 |    25 ||   101

Table legend: (Time is in decaauts)
 A = Elapsed time spent in this place.
 B = Non-inter-level travel time spent in this place.
 C = Inter-level travel time spent in this place.
 D = Time resting spent in this place.
 E = Time spent auto-exploring this place.
 F = Levels seen in this place.
 G = Mean time per level.
                   A        B        C        D        E       F      G
               +--------+--------+--------+--------+--------+-----+--------+
         Total |   3785 |   3702 |     83 |    112 |   2508 |   5 |  757.0 |
       Dungeon |   3785 |   3702 |     83 |    112 |   2508 |   5 |  757.0 |
               +--------+--------+--------+--------+--------+-----+--------+

Top non-repeatable levels by time:
     D:4: 1330 daAuts
     D:1: 727 daAuts
     D:5: 668 daAuts
     D:2: 536 daAuts
     D:3: 523 daAuts
